[Event "*** Titled Tuesday Blitz"]
[Site "Chess.com"]
[Date "2020.11.10"]
[Round "10"]
[White "Flopezin"]
[Black "Marianov_Podstavnikov"]
[Result "0-1"]
[WhiteElo "2387"]
[BlackElo "2271"]
[TimeControl "180+1"]
[EndTime "12:01:57 PST"]
[Termination "Marianov_Podstavnikov won on time"]

1. c4 Nf6 2. Nc3 e6 3. e4 d5 4.
cxd5 exd5 5. e5 d4 6. exf6 dxc3 7. Bb5+ c6 8. Qe2+ Be6 9. Bc4 Qxf6 10. dxc3 Bc5 11.
Nf3 O-O 12. Bxe6 fxe6 13. Be3 Nd7 14. O-O-O Rad8 15. Rhe1 Bxe3+ 16. Qxe3 e5 17. Qxa7 Qf4+ 18. Qe3 Qa4 19. Kb1 Nc5 20. Rxd8 Rxd8 21. Nd2 b6 22. Qxe5 Qg4 23. Nf3 Qg6+ 24. Ka1 Nb3+ 25. axb3 Ra8+ 0-1

[Event "*** Titled Tuesday Blitz"]
[Site "Chess.com"]
[Date "2020.11.10"]
[Round "10"]
[White "Nuvas"]
[Black "Tashik"]
[Result "1-0"]
[WhiteElo "2355"]
[BlackElo "2446"]
[TimeControl "180+1"]
[EndTime "12:01:58 PST"]
[Termination "Nuvas won by checkmate"]

1. d4 Nf6 2. c4 c5 3. d5 b5 4.
cxb5 a6 5. e3 g6 6. Nc3 Bg7 7.
Nf3 O-O 8. a4 Bb7 9. e4 e6 10.
Be2 axb5 11. Bxb5 exd5 12. exd5 Qe8+ 13. Be2 Ne4 14. Nb5 Na6 15. O-O Qb8 16. Re1 Nb4 17.
Bc4 Re8 18. d6 Ra6 19. Bf4 Bxb2 20. Rb1 Bf6 21. Nc7 Ra5 22. Nxe8 Qxe8 23. Nd2 Qa8 24. Nxe4 Bxe4 25. Rb3 Bxg2 26. Rbe3 Kg7 27. Qd2 Bc6 28. Re8 Qb7 29. Bh6# 1-0

[Event "*** Titled Tuesday Blitz"]
[Site "Chess.com"]
[Date "2020.11.10"]
[Round "10"]
[White "MartinMatthiesen"]
[Black "Mambastik-Fantastic"]
[Result "0-1"]
[WhiteElo "2397"]
[BlackElo "2311"]
[TimeControl "180+1"]
[EndTime "12:01:59 PST"]
[Termination "Mambastik-Fantastic won by checkmate"]

1. d4 Nf6 2. c4 c5 3. d5 e5 4.
Nc3 d6 5. e4 Nbd7 6. g3 g6 7.
Bg2 Bg7 8. Nge2 O-O 9. O-O a6 10. a4 Ne8 11. f4 f5 12. exf5 gxf5 13. Be3 e4 14. Qd2 Ndf6 15. h3 Kh8 16. Kh2 Bd7 17.
a5 Rg8 18. Nd1 Nh5 19. Nf2 Qe7 20. Rab1 Bf6 21. Rg1 Qg7 22. Bh1 Qh6 23. b4 cxb4 24. Rxb4 Bc8 25. g4 fxg4 26. f5 Qf8 27. hxg4 Be5+ 28. Kg2 Bxf5 29. Kf1 Bxg4 30. Ke1 Bxe2 31. Rxg8+ Qxg8 32. Qxe2 Ng3 33. Bxe4 Nxe2 34. Kxe2 Nf6 35. Bf5 Rb8 36. Be6 Qg3 37. Ba7 Qc3 38. Rb6 Qxc4+ 39. Kf3 Qf4+ 40. Ke2 Bd4 41. Bxb8 Qxf2+ 42. Kd3 Qe3+ 43.
Kc4 Qc3# 0-1

[Event "*** Titled Tuesday Blitz"]
[Site "Chess.com"]
[Date "2020.11.10"]
[Round "10"]
[White "tsaruk_maks"]
[Black "Neftegor"]
[Result "1-0"]
[WhiteElo "2614"]
[BlackElo "2461"]
[TimeControl "180+1"]
[EndTime "12:02:00 PST"]
[Termination "tsaruk_maks won by resignation"]

1. e4 e5 2. Nf3 Nc6 3. Bb5 a6 4. Ba4 Nf6 5. O-O Be7 6. Re1 b5 7. Bb3 d6 8. c3 O-O 9. h3 Nb8 10. d4 Nbd7 11. Nbd2 Bb7 12. Bc2 Re8 13. Nf1 Bf8 14.
Ng3 g6 15. Bg5 h6 16. Bd2 c5 17. d5 c4 18. Be3 Nc5 19. Qd2 h5 20. a4 Rb8 21.
Bxc5 dxc5 22. axb5 axb5 23. Qg5 Nh7 24. Qxd8 Rbxd8 25. Ra5 b4 26. Nd2 bxc3 27. bxc3 Ra8 28. Rea1 Rab8 29.
Nxc4 Bc8 30. Ba4 Re7 31. d6 Reb7 32. Bc6 Rb1+ 33. Rxb1 Rxb1+ 34. Kh2 Be6 35. d7 Rd1 36. Nxe5 Be7 37. c4 Nf6 38. Ra8+ Kg7 39. Re8 Nxd7 40. Bxd7 Bxd7 41. Rxe7 Be6 42. Rc7 Rd2 43. f4 h4 44.
f5 hxg3+ 45. Kxg3 gxf5 46. exf5 Bxf5 47. Rxf7+ 1-0

[Event "*** Titled Tuesday Blitz"]
[Site "Chess.com"]
[Date "2020.11.10"]
[Round "10"]
[White "tandaleo"]
[Black "anpospan"]
[Result "0-1"]
[WhiteElo "2311"]
[BlackElo "2436"]
[TimeControl "180+1"]
[EndTime "12:02:01 PST"]
[Termination "anpospan won by resignation"]

1. d4 Nf6 2. c4 e6 3. Nc3 c5 4. d5 exd5 5. cxd5 d6 6. e4 g6 7. Be2 Bg7 8. Be3 O-O 9. Nf3 a6 10. a4 Ng4 11. Bg5 Bf6 12. Bxf6 Qxf6 13. h3 Ne5 14.
Nxe5 Qxe5 15. O-O Re8 16. f4 Qd4+ 17. Kh2 Nd7 18. Bf3 Nf6 19. Qc2 Bd7 20. Rad1 Qe3 21. g3 c4 22. Bg2 Nh5 23. Rf3 Qc5 24. Rdf1 b5 25. axb5 axb5 26. e5 b4 27. Ne4 Bf5 28.
Nxc5 Bxc2 29. exd6 Ra2 30. Re1 Rxe1 31. d7 Ra8 32.
Nb7 Re2 33. Kg1 Be4 34. Rf2 Rxf2 35. Kxf2 Bxg2 36. d8=Q+ Rxd8 37. Nxd8 Bxd5 0-1

[Event "*** Titled Tuesday Blitz"]
[Site "Chess.com"]
[Date "2020.11.10"]
[Round "10"]
[White "davigator"]
[Black "paulrusan"]
[Result "1-0"]
[WhiteElo "2358"]
[BlackElo "2217"]
[TimeControl "180+1"]
[EndTime "12:02:02 PST"]
[Termination "davigator won by resignation"]

1. e4 g6 2. d4 Bg7 3. Nc3 d6 4.
f3 a6 5. Be3 b5 6. Qd2 Bb7 7. O-O-O Nd7 8. Kb1 h5 9. Bd3 Ngf6 10.
Nce2 c5 11. c3 c4 12. Bc2 Qc7 13. h3 h4 14. Nc1 Nh5 15. Nge2 O-O-O 16. Bg5 Bf6 17.
Rhe1 e5 18. Be3 Kb8 19. Rf1 Rhe8 20. Bg5 d5 21. Bxf6 Ndxf6 22. dxe5 dxe4 23. Nd4 Qxe5 24. fxe4 Nxe4 25. Bxe4 Bxe4+ 26. Ka1 f5 27. Rde1 Kb7 28. Qg5 Rxd4 29. cxd4 Qxd4 30. Qe3 Rd8 31. Qxd4 Rxd4 32. Rf2 Ng3 33. a3 c3 34. bxc3 Rd7 35. Nb3 Kb6 36.
Nd2 Rd3 37. Kb2 a5 38. Nf3 Bxf3 39. gxf3 g5 40. Kc2 Rd6 41. Re5 Kc6 42. Kc1 Rd5 43.
Re6+ Kc5 44. Rb2 Kc4 45. Rc6+ Kd3 46. Rd2+ Ke3 47. Rxd5 Kxf3 48. Rxb5 Kg2 49. Rg6 g4 50. hxg4 h3 51. gxf5 h2 52. Rh6 Ne2+ 53. Kd2 Nf4 54.
Rxh2+ Kxh2 55. f6 1-0

[Event "*** Titled Tuesday Blitz"]
[Site "Chess.com"]
[Date "2020.11.10"]
[Round "10"]
[White "Promacherr"]
[Black "chenxiaoyuer"]
[Result "1-0"]
[WhiteElo "2726"]
[BlackElo "2543"]
[TimeControl "180+1"]
[EndTime "12:02:06 PST"]
[Termination "Promacherr won by resignation"]

1. d4 Nf6 2. c4 g6 3. Nc3 Bg7 4. e4 d6 5. Be2 O-O 6. Bg5 h6 7. Be3 c5 8. d5 e6 9. h3 exd5 10.
exd5 Re8 11. Nf3 Nbd7 12. O-O Ne4 13. Nxe4 Rxe4 14. Qd2 g5 15. Bd3 Re8 16. Rae1 Nf6 17. Qc2 Bd7 18. Bf5 Bxf5 19. Qxf5 Qd7 20. Qxd7 Nxd7 21.
b3 f5 22. Bc1 Kf7 23. Rxe8 Rxe8 24. Re1 Rxe1+ 25. Nxe1 Bc3 26. Nc2 f4 27. Kf1 Kf6 28.
Ke2 Ne5 29. Na3 a6 30. Nb1 Bd4 31. Nd2 Kf5 32. Ba3 Bc3 33. Nf1 h5 34. Bc1 Ke4 35. Nh2 Nd3 36. Ba3 Bb4 37. Bxb4 Nxb4 38. a4 Nd3 39. Nf3 Nc1+ 40. Kd2 Nxb3+ 41. Kc3 Nd4 42.
Nxg5+ Kf5 43. Nf7 f3 44. gxf3 Kf4 45. Nxd6 Kxf3 46. Nxb7 Kxf2 47. Nxc5 Nf5 1-0

[Event "*** Titled Tuesday Blitz"]
[Site "Chess.com"]
[Date "2020.11.10"]
[Round "10"]
[White "lucachess49"]
[Black "keepitcoming"]
[Result "1-0"]
[WhiteElo "2372"]
[BlackElo "2476"]
[TimeControl "180+1"]
[EndTime "12:02:06 PST"]
[Termination "lucachess49 won on time"]

1. d4 d5 2. c4 e6 3. Nc3 c5 4.
cxd5 exd5 5. Nf3 Nc6 6. g3 Nf6 7. Bg2 Be7 8. O-O O-O 9. Bg5 c4 10. Ne5 Be6 11. Nxc6 bxc6 12. e4 h6 13. Bxf6 Bxf6 14.
e5 Be7 15. f4 Qd7 16. Qf3 Bf5 17. Rae1 Rab8 18. Qf2 Bd3 19. f5 Bxf1 20. Rxf1 Bb4 21. Bh3 Bxc3 22. bxc3 Qb7 23. f6 Qb2 24. Qe3 Qc2 25.
fxg7 Kxg7 26. Bf5 Qxa2 27. Qf4 Rb2 28. Qg4+ Kh8 29. Qh4 Rg2+ 30. Kh1 Qd2 31. Rf4 Rxh2+ 32. Qxh2 Qxh2+ 33. Kxh2 a5 34. Bd7 Rb8 35. Rf2 Rb6 36.
Ra2 Ra6 37. Kh3 Kg7 38. Kg4 Kg6 39. Kf4 h5 40. e6 fxe6 41. Ke5 c5 42. dxc5 a4 43.
c6 1-0

[Event "*** Titled Tuesday Blitz"]
[Site "Chess.com"]
[Date "2020.11.10"]
[Round "10"]
[White "indfraeng"]
[Black "starworld123"]
[Result "0-1"]
[WhiteElo "2422"]
[BlackElo "2688"]
[TimeControl "180+1"]
[EndTime "12:02:07 PST"]
[Termination "starworld123 won by resignation"]

1. d4 Nf6 2. c4 e6 3. g3 d5 4. Bg2 Be7 5. Nf3 O-O 6. O-O dxc4 7. Ne5 Nc6 8. Nxc6 bxc6 9. Na3 Bxa3 10. bxa3 Ba6 11.
Qa4 Qc8 12. Rb1 Nd5 13. Bd2 c3 14. Bxd5 exd5 15. Bxc3 Bxe2 16. Rfe1 Bf3 17. Re3 Be4 18. Rbe1 Qb7 19. Bb4 Rfb8 20. f3 Bf5 21. Re7 h6 22.
Qa5 Rc8 23. Rc1 Qb6 24. Qc5 a5 25. Bd2 Qb2 26. Be3 Bh3 27. Bf2 Qxa2 28. Qxc6 Qxa3 29. Re3 Qa2 30. Rec3 Be6 31. Qb7 Rcb8 32. Qc6 a4 33. R3c2 Qb3 34. Qxc7 Rc8 35. Qxc8+ Rxc8 36. Rxc8+ Bxc8 37. Rxc8+ Kh7 38. Kg2 a3 39. Ra8 a2 0-1

[Event "*** Titled Tuesday Blitz"]
[Site "Chess.com"]
[Date "2020.11.10"]
[Round "10"]
[White "SharapovEvgeny"]
[Black "temus_galaktionov"]
[Result "1/2-1/2"]
[WhiteElo "2472"]
[BlackElo "2613"]
[TimeControl "180+1"]
[EndTime "12:02:08 PST"]
[Termination "Game drawn by repetition"]

1. c4 c6 2. Nc3 g6 3. Nf3 Bg7 4. d4 d6 5. g3 Nd7 6. Bg2 Ngf6 7. O-O O-O 8. b3 e5 9. Bb2 Re8 10.
Qc2 Qc7 11. dxe5 dxe5 12. Rfd1 Nc5 13. Nd2 Bf5 14. Nde4 Nfxe4 15. Nxe4 Rad8 16. b4 Nxe4 17. Bxe4 Be6 18. a3 f5 19. Bg2 e4 20. Bxg7 Kxg7 21. Qc3+ Kf7 22. e3 c5 23. Bf1 b6 24. b5 Rxd1 25.
Rxd1 Rd8 26. Rd2 Rd7 27. Be2 Qd8 28. Rxd7+ Qxd7 29. Qh8 h5 30. Qh7+ Kf6 31. Qxd7 Bxd7 32. h4 Be8 33. Kf1 g5 34. Ke1 gxh4 35. gxh4 f4 36. Bf1 f3 37. Kd2 Bd7 38. Kc3 Bc8 39. a4 a5 40. Kb3 Ke5 41. Kc3 Be6 42. Kb3 Bf7 43. Kc3 Kf5 44. Bh3+ Kf6 45. Kb3 Be6 46.
Bf1 Kf5 47. Bh3+ Ke5 48. Bf1 Bg4 49. Kc3 Kf5 50. Kb3 Kf6 51. Kc3 Be6 52. Kb3 Ke5 53. Kc3 Bf7 54. Kb3 Bg6 55. Kc3 Kf5 56. Bh3+ Kf6 57.
Bf1 Bf5 58. Kb3 Be6 59. Kc3 Kf5 60. Bh3+ Ke5 61. Bf1 Kd6 62. Kb3 Kc7 63. Kc3 Kb7 64. Kb3 Bf5 65. Kc3 Bg6 66. Kb3 Kc7 67. Kc3 Kd6 68. Kb3 Ke5 69. Kc3 Kf5 70. Bh3+ Kf6 71.
Bf1 Bf7 72. Kb3 Be6 73. Kc3 Bg4 74. Kb3 Kf5 75. Kc3 Ke5 76. Kb3 Be6 77. Kc3 1/2-1/2

[Event "*** Titled Tuesday Blitz"]
[Site "Chess.com"]
[Date "2020.11.10"]
[Round "10"]
[White "vovachesss"]
[Black "mapleaff"]
[Result "0-1"]
[WhiteElo "2669"]
[BlackElo "2430"]
[TimeControl "180+1"]
[EndTime "12:02:09 PST"]
[Termination "mapleaff won on time"]

1. c4 e6 2. Nc3 Nf6 3. d4 Bb4 4. Qc2 O-O 5. e3 b6 6. Bd3 Bb7 7. Ne2 d5 8. Rg1 dxc4 9. Bxc4 c5 10. Bd2 cxd4 11. Nxd4 Nbd7 12. O-O-O Ne5 13. Be2 Rc8 14. f4 Nc4 15. Qb3 Bxc3 16. Bxc3 Nxe3 17. Nxe6 Qe7 18. Nxf8 Nxd1 19. Qxd1 Nd5 20. Nd7 Qe3+ 21. Kb1 Nxc3+ 22. bxc3 Be4+ 23. Bd3 Bxd3+ 24. Kb2 Bf5 25. Nc5 Qxc5 26. Qd2 Qxg1 0-1

[Event "*** Titled Tuesday Blitz"]
[Site "Chess.com"]
[Date "2020.11.10"]
[Round "10"]
[White "fabianvivasz"]
[Black "Natalya_Buksa"]
[Result "0-1"]
[WhiteElo "2393"]
[BlackElo "2575"]
[TimeControl "180+1"]
[EndTime "12:02:09 PST"]
[Termination "Natalya_Buksa won on time"]

1. e4 c5 2. Nf3 Nc6 3. d4 cxd4 4. Nxd4 Nf6 5. Nc3 e5 6. Ndb5 d6 7. Bg5 a6 8. Na3 b5 9. Bxf6 gxf6 10. Nd5 f5 11. g3 Bg7 12. Bg2 O-O 13. exf5 Bxf5 14. Ne3 Ne7 15. Nxf5 Nxf5 16. Qh5 Ne7 17. Bxa8 Qxa8 18.
O-O d5 19. c3 f5 20. Nc2 f4 21. Rae1 Qc6 22. Nb4 Qd6 23. Nd3 Ng6 24. a4 bxa4 25.
Ra1 Qc6 26. Qd1 f3 27. Nb4 Qc8 28. Nxd5 Qh3 29. Ne3 Bh6 30. Qd5+ Kh8 31. Qd2 Nh4 32. Rxa4 Nf5 33. Re4 Rg8 34. Re1 Bxe3 35. fxe3 Nxg3 0-1

[Event "*** Titled Tuesday Blitz"]
[Site "Chess.com"]
[Date "2020.11.10"]
[Round "10"]
[White "Ariadna_Atreides"]
[Black "HouseOfDurin"]
[Result "1-0"]
[WhiteElo "2104"]
[BlackElo "2148"]
[TimeControl "180+1"]
[EndTime "12:02:10 PST"]
[Termination "Ariadna_Atreides won on time"]

1. d4 Nf6 2. Nf3 c5 3. d5 b5 4. e4 Nxe4 5. Qe2 Nd6 6. Bf4 e6 7. dxe6 fxe6 8. Bxd6 Bxd6 9. Qxb5 Ba6 10. Qa4 Bxf1 11.
Rxf1 O-O 12. Nbd2 Nc6 13. O-O-O Bf4 14. Kb1 Rb8 15. Qc4 Qf6 16. Nb3 d6 17. g3 Be5 18.
Nxe5 Nxe5 19. Qa6 c4 20. Nd4 Rfd8 21. f4 c3 22. fxe5 Rxb2+ 23. Ka1 Qxe5 24. Qa3 Rc8 25. Rfe1 Qh5 26. Nxe6 Rxc2 27. Rb1 Qf5 28. Qxa7 Qf6 29. Rb7 1-0

[Event "*** Titled Tuesday Blitz"]
[Site "Chess.com"]
[Date "2020.11.10"]
[Round "10"]
[White "SergeyShtyka"]
[Black "VladaSviridova"]
[Result "0-1"]
[WhiteElo "2346"]
[BlackElo "2259"]
[TimeControl "180+1"]
[EndTime "12:02:11 PST"]
[Termination "VladaSviridova won on time"]

1. e4 e6 2. Nf3 d5 3. e5 c5 4. b4 cxb4 5. a3 Nc6 6. axb4 Bxb4 7. c3 Be7 8. d4 f6 9. Bd3 fxe5 10. Nxe5 Nf6 11.
O-O O-O 12. f4 a6 13. Ba3 Bxa3 14. Nxa3 Bd7 15. Nc2 Qc7 16. Ne3 b5 17. Rc1 Na5 18.
N3g4 Nc4 19. Qf3 Nd2 20. Qh3 Nde4 21. Nf2 Nxf2 22. Rxf2 a5 23. Rb2 b4 24. Ng4 g6 25.
Ne5 Rac8 26. Rbc2 b3 27. Rb2 a4 28. c4 dxc4 29. Rxc4 Qd6 30. Qh6 Rxc4 31. Nxc4 Qxd4+ 32. Kh1 Qxd3 0-1

[Event "*** Titled Tuesday Blitz"]
[Site "Chess.com"]
[Date "2020.11.10"]
[Round "10"]
[White "AniJak"]
[Black "tlomigtlis"]
[Result "0-1"]
[WhiteElo "2379"]
[BlackElo "2579"]
[TimeControl "180+1"]
[EndTime "12:02:13 PST"]
[Termination "tlomigtlis won by checkmate"]

1. e4 c5 2. Nc3 d6 3. g3 g6 4. Bg2 Bg7 5. d3 Nc6 6. Nh3 e6 7. O-O Nge7 8. Be3 O-O 9. Qd2 Nd4 10.
Nd1 e5 11. f4 f5 12. c3 Ne6 13. Ng5 Nxg5 14. fxg5 Qc7 15. h4 b6 16. exf5 Bxf5 17. Bxa8 Rxa8 18. Nf2 d5 19. d4 exd4 20. Bf4 dxc3 21.
bxc3 Qb7 22. Rfe1 Rd8 23. Be5 Bxe5 24. Rxe5 Qc7 25. Rae1 Nc6 26. Re8+ Rxe8 27. Rxe8+ Kf7 28. Re3 d4 29. cxd4 Nxd4 30. Qc3 Be6 31. Ne4 Qe5 32. Rf3+ Bf5 33. Qc4+ Kg7 34. Nf6 Nxf3+ 35. Kg2 Ne1+ 36. Kg1 Qe3+ 37. Kh2 Qf2+ 38. Kh1 Qg2# 0-1

[Event "*** Titled Tuesday Blitz"]
[Site "Chess.com"]
[Date "2020.11.10"]
[Round "10"]
[White "Michaelson_11"]
[Black "rugbyclub"]
[Result "0-1"]
[WhiteElo "2096"]
[BlackElo "2195"]
[TimeControl "180+1"]
[EndTime "12:02:13 PST"]
[Termination "rugbyclub won on time"]

1. e4 e6 2. d4 d5 3. Nc3 Bb4 4. e5 Ne7 5. a3 Bxc3+ 6. bxc3 b6 7. Qg4 Ng6 8. h4 h5 9. Qg3 Ba6 10. Bd3 Bxd3 11. cxd3 Qd7 12. Ne2 Nc6 13. O-O Nce7 14.
Bg5 Nf5 15. Qh3 Rc8 16. Nf4 Nxf4 17. Bxf4 c5 18. dxc5 Rxc5 19. d4 Rc4 20. Rfc1 O-O 21.
g4 hxg4 22. Qxg4 Rfc8 23. Bd2 Qe7 24. h5 Qh4 25. Qxh4 Nxh4 26. Kf1 Kh7 27. Ke2 Nf5 28. Kd3 Rh8 29. Rh1 Kg8 30. a4 f6 31. exf6 gxf6 32.
a5 b5 33. a6 Kf7 0-1

[Event "*** Titled Tuesday Blitz"]
[Site "Chess.com"]
[Date "2020.11.10"]
[Round "10"]
[White "RD4ever"]
[Black "NikolaGry"]
[Result "1-0"]
[WhiteElo "2825"]
[BlackElo "2647"]
[TimeControl "180+1"]
[EndTime "12:02:14 PST"]
[Termination "RD4ever won on time"]

1. e4 e5 2. Nf3 d6 3. d4 exd4 4. Qxd4 Nc6 5. Bb5 Ne7 6. Qe3 a6 7. Bc4 Be6 8. Na3 Bxc4 9. Nxc4 d5 10. Ncd2 Qd6 11. O-O O-O-O 12. c3 h6 13. b4 g5 14.
a4 Bg7 15. b5 Ne5 16. Ba3 Qe6 17. Nd4 Qg6 18. Bxe7 Rde8 19. Nf5 dxe4 20. Qxe4 Nd7 21. Nxg7 Qxe4 22. Nxe4 Rxe7 23. Ng3 h5 24. N7xh5 Nc5 25. Nf6 Re6 26. Nd5 Rd8 27. c4 c6 28. bxc6 bxc6 29. Nb6+ Kc7 30. a5 Re5 31. Rfe1 Rde8 32. Kf1 g4 33. h4 gxh3 34. gxh3 Nd3 35. Rxe5 Rxe5 36. h4 Nf4 37. Ra3 Ne6 38. h5 f5 39. Re3 1-0

[Event "*** Titled Tuesday Blitz"]
[Site "Chess.com"]
[Date "2020.11.10"]
[Round "10"]
[White "nitpicker"]
[Black "eljanov"]
[Result "0-1"]
[WhiteElo "2251"]
[BlackElo "2771"]
[TimeControl "180+1"]
[EndTime "12:02:14 PST"]
[Termination "eljanov won on time"]

1. d4 g6 2. e4 Bg7 3. Nc3 d6 4. h3 a6 5. a4 b6 6. Nge2 Bb7 7.
g3 e6 8. Bg2 Nd7 9. O-O Ne7 10.
Re1 O-O 11. g4 c5 12. Be3 Qc7 13. Ng3 Rac8 14. Qd2 cxd4 15. Bxd4 Bxd4 16. Qxd4 e5 17. Qd2 Nc5 18. f4 Ne6 19. f5 Nf4 20. f6 Qc5+ 21. Kh2 Nc6 22. Nd5 Nd4 23. Nxf4 exf4 24. Qxf4 g5 25. Qd2 Qe5 26. Rac1 Rc5 27. Qf2 Ne6 28.
Kh1 Rc4 29. Nf5 Qxf6 30. Rf1 Bxe4 31. Bxe4 Rxe4 32. Nxd6 Rf4 33. Qe2 Qxb2 34. Rcd1 Qa3 35. Kg2 Qxa4 36. Nf5 Qe4+ 37. Qxe4 Rxe4 38. Nd6 Re2+ 39.
Kf3 Rxc2 0-1

[Event "*** Titled Tuesday Blitz"]
[Site "Chess.com"]
[Date "2020.11.10"]
[Round "10"]
[White "tylityli"]
[Black "akanga001"]
[Result "1-0"]
[WhiteElo "2247"]
[BlackElo "1943"]
[TimeControl "180+1"]
[EndTime "12:02:14 PST"]
[Termination "tylityli won by resignation"]

1. d4 d5 2. c4 e6 3. Nf3 Nf6 4. b3 c5 5. cxd5 Nxd5 6. e4 Nb4 7. Bb2 cxd4 8. Nxd4 Be7 9. a3 N4c6 10. Bb5 O-O 11.
O-O Nxd4 12. Qxd4 Bf6 13. Qxd8 Bxd8 14. Nd2 Bd7 15. Be2 Bc6 16. f3 Nd7 17. b4 a6 18.
a4 Bf6 19. Bxf6 Nxf6 20. b5 axb5 21. axb5 Bd7 22. Kf2 Rfc8 23. Ke3 Rxa1 24. Rxa1 Rc5 25. Ra8+ Be8 26. f4 g6 27. Nc4 Kg7 28. Nd6 Bd7 29.
Nxb7 Rc3+ 30. Kd4 Rc2 31. Bd3 Rd2 32. Nd6 Rxg2 33. b6 Bc6 34. Rc8 Bxe4 35. Bxe4 Nxe4 36.
Nxe4 Rb2 37. Rb8 h6 38. b7 g5 39. fxg5 hxg5 40. Nxg5 f5 41. Nxe6+ Kf7 42. Nc5 f4 43. Rc8 f3 44. b8=Q Rxb8 45. Rxb8 f2 46. Rb1 Kf6 47.
Ke3 Kg5 48. Kxf2 Kh4 49. Kg2 1-0

[Event "*** Titled Tuesday Blitz"]
[Site "Chess.com"]
[Date "2020.11.10"]
[Round "10"]
[White "Meri-Arabidze"]
[Black "djano"]
[Result "1-0"]
[WhiteElo "2623"]
[BlackElo "2484"]
[TimeControl "180+1"]
[EndTime "12:02:15 PST"]
[Termination "Meri-Arabidze won by resignation"]

1. d4 g6 2. c4 Bg7 3. Nc3 Nf6 4. g3 O-O 5. Bg2 d6 6. e4 Nc6 7. Nge2 Bd7 8. O-O e5 9. d5 Ne7 10. Rb1 Qc8 11. b4 Bh3 12. c5 Bxg2 13. Kxg2 Nh5 14. Be3 f5 15. f3 f4 16. Bf2 fxg3 17. hxg3 g5 18. g4 Nf4+ 19. Nxf4 gxf4 20. Rh1 Rf6 21. Rc1 Qd7 22. Qd3 a6 23. Qc4 Rg6 24. Kf1 Bf8 25. c6 bxc6 26. dxc6+ Qe6 27. Qxe6+ Rxe6 28. a4 Rb8 29. b5 axb5 30. axb5 Rg6 31. Ra1 d5 32. exd5 e4 33. fxe4 Rxg4 34. e5 Nf5 35. b6 cxb6 36. d6 Nxd6 37. exd6 Bxd6 38. Ra7 Rg7 39. Rxg7+ Kxg7 40. Nb5 Rc8 41. Nxd6 Rxc6 42. Nf5+ Kf8 43. Rxh7 f3 44.
Bd4 b5 45. Kf2 b4 46. Kxf3 b3 47. Rb7 Rc1 48. Rxb3 Kf7 49. Rb6 Rf1+ 50. Ke4 Re1+ 51. Kd5 Rf1 52. Rf6+ Ke8 53. Nd6+ 1-0

[Event "*** Titled Tuesday Blitz"]
[Site "Chess.com"]
[Date "2020.11.10"]
[Round "10"]
[White "Ladislav1969"]
[Black "profofchess"]
[Result "0-1"]
[WhiteElo "2268"]
[BlackElo "2418"]
[TimeControl "180+1"]
[EndTime "12:02:16 PST"]
[Termination "profofchess won on time"]

1. e4 e6 2. d4 d5 3. e5 c5 4.
c3 Nc6 5. Nf3 Qb6 6. a3 Nh6 7. b4 cxd4 8. cxd4 Nf5 9. Be3 f6 10.
exf6 gxf6 11. Bd3 Nxe3 12. fxe3 Bh6 13. Qe2 a5 14. b5 Ne7 15. Nc3 e5 16. Na4 Qd6 17.
Nh4 O-O 18. Qh5 Kg7 19. O-O e4 20. Be2 Bxe3+ 21. Kh1 Bxd4 22. Rad1 Be5 23. Bg4 Kh8 24. Bf5 Bxf5 25. Nxf5 Nxf5 26. Rxf5 Rac8 27. Qh6 Rf7 28. Qh5 Rg7 29. h3 Qxa3 30. Rxe5 Qxa4 31. Re8+ Rxe8 32. Qxe8+ Rg8 33. Qh5 Qc2 34. Rg1 Qd2 35. Qf7 Qd4 0-1

[Event "*** Titled Tuesday Blitz"]
[Site "Chess.com"]
[Date "2020.11.10"]
[Round "10"]
[White "PriSachu"]
[Black "Bastiandash"]
[Result "1-0"]
[WhiteElo "2504"]
[BlackElo "2358"]
[TimeControl "180+1"]
[EndTime "12:02:17 PST"]
[Termination "PriSachu won by checkmate"]

1. e4 c5 2. Nf3 e6 3. d4 cxd4 4. Nxd4 a6 5. Bd3 Bc5 6. Nb3 Be7 7. Qg4 g6 8. Qd1 d6 9. O-O Nd7 10. c4 Ne5 11. Be2 Nf6 12. Bh6 Nxe4 13. Qd4 Nf6 14.
Nc3 Qc7 15. Rac1 b6 16. f4 Ned7 17. Rfe1 Bb7 18. Nd5 Qd8 19. Bf3 Rb8 20. Rc2 Bf8 21. Bg5 Bg7 22. Nxf6+ Bxf6 23. Qxd6 Bxf3 24. gxf3 Bxg5 25.
fxg5 Qxg5+ 26. Rg2 Qe7 27. Qf4 O-O 28. Nd4 Qc5 29. b4 Qxc4 30. Rc1 Qd5 31. Nc6 e5 32. Qe3 Rbe8 33. Rd2 Qe6 34. Rcd1 Nf6 35. Rd6 Qf5 36. Kh1 e4 37. f4 Ng4 38. Qd4 Qxf4 39. Rd8 Nf2+ 40.
Kg2 Nxd1 41. Ne7+ Rxe7 42. Rxf8+ Kxf8 43. Qh8# 1-0

[Event "*** Titled Tuesday Blitz"]
[Site "Chess.com"]
[Date "2020.11.10"]
[Round "10"]
[White "Chopper1905"]
[Black "BocharovD"]
[Result "0-1"]
[WhiteElo "2936"]
[BlackElo "2806"]
[TimeControl "180+1"]
[EndTime "12:02:18 PST"]
[Termination "BocharovD won by resignation"]

1. d4 Nf6 2. c4 e6 3. Nf3 d5 4.
Nc3 c6 5. e3 Nbd7 6. Qc2 Bd6 7.
Bd3 O-O 8. O-O dxc4 9. Bxc4 a6 10.
Ng5 h6 11. Nge4 Be7 12. Rd1 Qc7 13. b3 b5 14. Be2 Bb7 15. Bb2 Rac8 16. Rac1 c5 17.
dxc5 Nxc5 18. Nxc5 Qxc5 19. Qb1 Qg5 20. Bf1 Ng4 21. h3 Nxe3 22. fxe3 Qxe3+ 23. Kh2 Qf4+ 24. Kh1 Bd6 25. Rxd6 Qxd6 26. Re1 Qg3 27. Ne4 Qg6 28. Bd3 f5 29. Nf6+ Rxf6 30. Bf1 Rff8 31. Qd3 Rfd8 32. Qe3 Rc2 33. Re2 Rxe2 34. Qxe2 Be4 35. Be5 Qg5 36.
Qe1 Rd2 37. h4 Rxg2 38. Qxe4 Rg1+ 39. Kh2 fxe4 40. hxg5 Rxf1 0-1

[Event "*** Titled Tuesday Blitz"]
[Site "Chess.com"]
[Date "2020.11.10"]
[Round "10"]
[White "Fortitudine"]
[Black "PIwan"]
[Result "0-1"]
[WhiteElo "2312"]
[BlackElo "2543"]
[TimeControl "180+1"]
[EndTime "12:02:18 PST"]
[Termination "PIwan won on time"]

1. c4 Nf6 2. g3 c6 3. Bg2 g6 4. b3 Bg7 5. Bb2 O-O 6. Nf3 d5 7. O-O a5 8. a3 a4 9. cxd5 cxd5 10. b4 Nc6 11. Nc3 Ne4 12. Nxa4 Bxb2 13. Nxb2 Bf5 14.
d3 Nc3 15. Qd2 Nb5 16. a4 Nbd4 17. Nxd4 Nxd4 18. Qd1 Qd6 19. e4 Be6 20. b5 dxe4 21.
dxe4 Bb3 22. Qd3 Bc2 23. Qe3 e5 24. Rac1 Bxa4 25. Nxa4 Rxa4 26. Rfd1 Ra3 27. Rd3 Nf3+ 28. Qxf3 Rxd3 29. Qe2 Rd8 30. h4 Rd1+ 31. Rxd1 Qxd1+ 32.
Qxd1 Rxd1+ 33. Bf1 Re1 34. f3 Rb1 35. Kf2 Kf8 36. Be2 Ke7 37. Ke3 Kd6 38. Bd3 Rb3 39.
f4 f6 40. Kd2 Kc5 0-1

[Event "*** Titled Tuesday Blitz"]
[Site "Chess.com"]
[Date "2020.11.10"]
[Round "10"]
[White "MarceloPlaya"]
[Black "sm_sharon"]
[Result "1-0"]
[WhiteElo "2291"]
[BlackElo "2142"]
[TimeControl "180+1"]
[EndTime "12:02:18 PST"]
[Termination "MarceloPlaya won by resignation"]

1. e4 g6 2. d4 Bg7 3. Nc3 d6 4. Be3 a6 5. Qd2 b5 6. O-O-O Bb7 7. f3 Nd7 8. h4 h5 9. Kb1 Ngf6 10.
Nh3 e5 11. d5 O-O 12. Nf2 Nc5 13.
Bg5 Qb8 14. g4 b4 15. Ne2 hxg4 16. Bxf6 Bxf6 17. Nxg4 Bg7 18. h5 f5 19. Nh6+ Bxh6 20.
Qxh6 g5 21. Qxg5+ Kh7 22. Qg6+ Kh8 23. Qh6+ Kg8 24. Rg1+ Kf7 25. exf5 Qd8 26. Nf4 Qf6 27. Qh7+ Ke8 28. Ne6 Qxf5 29. Qxf5 Rxf5 30. Nxc7+ Kf7 31. Nxa8 Bxa8 32. h6 Rh5 33. Rg7+ Kf6 34. Rg8 Bb7 35. Rh8 Rh1 36. Be2 Rxd1+ 37. Bxd1 Bxd5 38. Rd8 Kg6 39. Rxd6+ Be6 40. a3 bxa3 41. b4 a2+ 42. Ka1 Kxh6 43. bxc5 1-0

[Event "*** Titled Tuesday Blitz"]
[Site "Chess.com"]
[Date "2020.11.10"]
[Round "10"]
[White "Lion-Al-Messi"]
[Black "DinaBelenkaya"]
[Result "1-0"]
[WhiteElo "2552"]
[BlackElo "2341"]
[TimeControl "180+1"]
[EndTime "12:02:19 PST"]
[Termination "Lion-Al-Messi won by checkmate"]

1. e4 d5 2. exd5 Qxd5 3. Nc3 Qa5 4. d4 Nf6 5. Nf3 c6 6. Bc4 Bf5 7. Bd2 Qb6 8. O-O e6 9. Nh4 Bg6 10. Qe2 Qxd4 11. Bxe6 fxe6 12. Qxe6+ Be7 13. Nxg6 hxg6 14.
Qc8+ Qd8 15. Qxb7 Qxd2 16. Rfe1 Qd6 17. g3 Kf7 18. Rad1 Qb4 19. Qxa8 Qb6 20. a4 Bc5 21.
Re2 a5 22. Ne4 Nxe4 23. Rxe4 Bxf2+ 24. Kg2 Rf8 25. Rf4+ Kg8 26. Rxf8+ Kxf8 27. Rf1 Kg8 28. Rxf2 Kh7 29. Re2 Qxb2 30. Qxa5 Qd4 31. Qg5 Qd7 32. Re7 Qc8 33. Qe5 Qf8 34. h4 Na6 35. c3 c5 36. h5 Qa8+ 37. Kh2 Qc6 38. Qxg7# 1-0